 Dungeon Crawl Stone Soup version 0.14-a0-1739-g6c2808e (webtiles) character file.

2546 Piginabag the Quickloader (level 9, -2/54 HPs)
             Began as a Formicid Hunter on Jan 4, 2014.
             Was a Follower of Okawaru.
             Slain by a scorpion (5 damage)
             ... on Level 6 of the Dungeon.
             The game lasted 00:28:56 (7738 turns).

Piginabag the Quickloader (Formicid Hunter)         Turns: 7738, Time: 00:28:57

HP  -2/54        AC  7     Str 21      XL: 9   Next: 91%
MP   9/9         EV 12     Int 10      God: Okawaru [*.....]
Gold 343         SH  0     Dex 11      Spells:  0 memorised,  8 levels left

rFire  . . .     SeeInvis +     H - +0 orc mace
rCold  . . .     Clarity  .     j - +0 ring mail
rNeg   . . .     Conserve +     (no shield)
rPois  x         rCorr    .     (helmet unavailable)
rElec  .         rRot     .     (no cloak)
SustAb . .       Spirit   .     (no gloves)
rMut   .         Warding  .     (no boots)
Saprov . . .     Stasis   +     k - amulet of conservation
                                (no ring)
                                (no ring)

@: extremely poisoned, somewhat resistant to hostile enchantments, very
unstealthy
A: permanent stasis, dig shafts and tunnels, four strong arms, poison weakness,
antennae 3, exoskeleton 1
a: Dig, Shaft Self, Heroism, Renounce Religion


You were on level 6 of the Dungeon.
You worshipped Okawaru.
Okawaru was aware of your devotion.
You were not hungry.

You visited 2 branches of the dungeon, and saw 8 of its levels.
You also visited: Ossuary.

You collected 343 gold pieces.

Inventory:

Hand weapons
 b - a +1,+1 crossbow
 H - a +0,+0 orcish mace (weapon)
Missiles
 a - 8 curare-tipped needles
Armour
 d - a +0 leather armour
 j - a +0 ring mail (worn)
Magical devices
 F - a wand of invisibility (5) {unknown}
Comestibles
 f - 2 bread rations
 g - 5 meat rations
 q - 2 pears
 z - a rambutan
 I - an apple
Scrolls
 h - a scroll of enchant weapon I
 i - 5 scrolls of identify
 r - 2 scrolls of remove curse
 s - a scroll of fog
Jewellery
 e - a cursed amulet of clarity {unknown}
 k - an amulet of conservation (around neck)
Potions
 m - a potion of magic
 t - a potion of speed {unknown}
 w - 3 potions of agility
 D - 2 potions of restore abilities {unknown}
 E - a potion of cure mutation {unknown}
 J - a potion of might {unknown}


   Skills:
 + Level 2.6 Fighting
 + Level 2.6 Maces & Flails
 + Level 8.8 Crossbows
 - Level 0.2 Throwing
 + Level 6.1 Armour
 + Level 6.0 Dodging
 + Level 1.9 Stealth


You had 8 spell levels left.
You didn't know any spells.

Dungeon Overview and Level Annotations

Branches:
Dungeon (7/16)             Temple (1/1) D:5

Altars:
Ashenzari
Cheibriados
Elyvilon
Fedhas
Kikubaaqudgha
Makhleb
Nemelex Xobeh
Okawaru
Sif Muna
Trog
Vehumet
Xom
Yredelemnul
the Shining One

Shops:
D:5 [**%


Innate Abilities, Weirdness & Mutations

Your are under a permanent stasis effect.
You can dig through walls and to a lower floor.
Your four strong arms can wield any weapon, most with a shield.
You are susceptible to poison.
You have a pair of large antennae on your head (SInv).
Your body is surrounded by an exoskeleton. (HP +5, AC +1)


Message History

You are more poisoned.
The scorpion poisons you!
You closely miss the scorpion.
The scorpion is heavily wounded.
* * * LOW HITPOINT WARNING * * *
You feel very sick.
The scorpion stings you but does no damage.
The scorpion misses you.
You barely miss the scorpion.
The scorpion is heavily wounded.
* * * LOW HITPOINT WARNING * * *
You feel very sick. The scorpion stings you.
* * * LOW HITPOINT WARNING * * *
You hit the scorpion.
The scorpion is severely wounded.
* * * LOW HITPOINT WARNING * * *
You feel extremely sick. The scorpion stings you.
You die...

.................................
.................................
.................................
.................................
...................[.............
.................................
.................................
################s################
#@# #.# #.# #.# #.# #.# #.# ###


You could see a scorpion.

Vanquished Creatures
  A sky beast (D:6)
  An ice beast (D:5)
  A phantom (D:6)
  2 orc warriors
  The ghost of Zomeperzon the Insei, an average DsTm (D:3)
  5 ogres
  A giant frog (D:7)
  A water moccasin (D:6)
  An agate snail (D:5)
  6 killer bees (D:6)
  A crimson imp (D:5)
  An iguana (D:6)
  2 scorpions (D:4)
  3 hounds
  5 orc wizards
  3 worker ants
  A killer bee zombie (D:6)
  A crocodile zombie (D:5)
  4 mummies
  2 worker ant zombies
  9 adders
  3 gnolls (D:6)
  A giant mite (D:6)
  A goliath beetle zombie (D:5)
  A worm (D:6)
  2 adder zombies (Ossuary)
  2 giant eyeballs
  3 giant geckos
  3 oozes
  14 orcs
  8 bats
  A bat zombie (D:5)
  8 goblins
  15 hobgoblins
  3 ball pythons
  5 giant cockroaches
  8 giant newts
  3 goblin zombies (Ossuary)
  A hobgoblin zombie (Ossuary)
  10 jackals
  6 kobolds
  A kobold skeleton (D:6)
  3 kobold zombies
  An orc skeleton (D:6)
  3 quokkas
  8 quokka zombies (Ossuary)
  10 rats
  2 rat zombies (Ossuary)
178 creatures vanquished.

Vanquished Creatures (others)
  A plant (D:5)
1 creature vanquished.

Grand Total: 179 creatures vanquished

Notes
Turn   | Place    | Note
--------------------------------------------------------------
     0 | D:1      | Piginabag, the Formicid Hunter, began the quest for the Orb.
     0 | D:1      | Reached XP level 1. HP: 17/17 MP: 1/1
   112 | D:1      | Reached XP level 2. HP: 21/21 MP: 2/2
   340 | D:1      | Reached XP level 3. HP: 22/25 MP: 3/3
   614 | D:2      | Reached skill level 5 in Crossbows
   693 | D:2      | Reached XP level 4. HP: 25/30 MP: 4/4
   815 | D:2      | Reached skill level 1 in Armour
  1232 | D:3      | Found a bloodstained altar of Trog.
  1318 | D:3      | Reached XP level 5. HP: 34/34 MP: 5/5
  1368 | D:3      | Noticed Zomeperzon's ghost (average DsTm)
  1373 | D:3      | Killed Zomeperzon's ghost
  1373 | D:3      | Reached XP level 6. HP: 39/39 MP: 6/6
  1714 | D:4      | Found a sand-covered staircase.
  1745 | Ossuary  | Entered an ossuary
  2029 | Ossuary  | Reached skill level 6 in Crossbows
  2301 | D:4      | Noticed an ogre
  2308 | D:4      | Killed an ogre
  2308 | D:4      | Reached XP level 7. HP: 43/43 MP: 7/7
  2805 | D:4      | You fall through a shaft!
  2805 | D:5      | Entered Level 5 of the Dungeon
  2819 | D:5      | Found Kemeefe's General Store.
  2846 | D:5      | Found Kluetu's Armour Boutique.
  2955 | D:5      | Reached XP level 8. HP: 23/49 MP: 8/8
  3396 | D:5      | Reached skill level 7 in Crossbows
  3429 | D:5      | Found a snail-covered altar of Cheibriados.
  3693 | D:5      | Found Meosis' Food Shoppe.
  3732 | D:5      | Found Chaan's Assorted Antiques.
  3941 | D:5      | Found a staircase to the Ecumenical Temple.
  3953 | Temple   | Entered the Ecumenical Temple
  4191 | Temple   | Became a worshipper of Warmaster Okawaru
  4449 | D:5      | Reached skill level 1 in Maces & Flails
  5352 | D:6      | Reached skill level 5 in Armour
  5386 | D:6      | Reached XP level 9. HP: 53/53 MP: 9/9
  5642 | D:6      | Reached skill level 8 in Crossbows
  5739 | D:6      | Reached skill level 5 in Dodging
  6117 | D:6      | Acquired Okawaru's first power
  6393 | D:6      | HP: 2/54 [killer bee (6)]
  7738 | D:6      | Slain by a scorpion

Action                   |  1- 3 |  4- 6 |  7- 9 || total
-------------------------+-------+-------+-------++-------
Melee: Short sword       |       |   141 |     9 ||   150
       Trident           |       |    56 |       ||    56
       Mace              |       |       |   346 ||   346
 Fire: Crossbow          |    56 |    33 |   164 ||   253
Throw: Large rock        |       |       |    24 ||    24
 Abil: Dig               |       |       |     2 ||     2
  Use: Scroll            |       |     3 |    15 ||    18
       Potion            |       |       |    12 ||    12
